 Dungeon Crawl Stone Soup version 0.18-a0-1577-gf591c28 (webtiles) character file.

961 M4edhros the Covert (level 8, -11/48 HPs)
             Began as an Octopode Artificer on Mar 20, 2016.
             Killed from afar by a white imp (21 damage)
             ... with a puff of frost
             ... summoned by Xom
             ... on level 6 of the Dungeon.
             The game lasted 00:12:29 (6952 turns).

M4edhros the Covert (Octopode Artificer)            Turns: 6952, Time: 00:12:30

Health: -11/48     AC:  1    Str: 10    XL:     8   Next: 15%
Magic:  19/19      EV: 15    Int: 14    God:    Xom [.*....]
Gold:   261        SH:  0    Dex: 15    Spells: 0 memorised, 7 levels left

rFire  + . .     SeeInvis .     E - +2 rapier (speed)
rCold  x . .     Gourm    .     (no shield)
rNeg   + + .     Faith    .     (helmet restricted)
rPois  .         Spirit   .     (no amulet)
rElec  .         Dismiss  .     (no ring)
rCorr  .         Reflect  .     q - ring of positive energy
SustAt .         Harm     .     t - ring of fire
MR     .....                    A - ring of magical power
Stlth  ++++++....               B - ring of positive energy
                                (no ring)
                                (no ring)
                                (no ring)

@: not resistant to hostile enchantments, very stealthy
A: almost no armour, amphibious, 8 rings, constrict 8, tentacle spike 1,
camouflage 1, blink, deterioration 1, gelatinous body 1
a: Blink, Renounce Religion


You were on level 6 of the Dungeon.
You worshipped Xom.
You were a plaything of Xom.
You were not hungry.

You visited 1 branch of the dungeon, and saw 6 of its levels.

You collected 261 gold pieces.

Inventory:

Hand Weapons
 a - a +1 short sword
 h - a +0 hunting sling
 D - a +0 mace of protection
 E - a +2 rapier of speed (weapon)
Missiles
 e - 125 stones (quivered)
 p - 27 sling bullets
 x - 16 poisoned sling bullets
Jewellery
 q - a ring of positive energy (right tentacle)
 t - a ring of fire (on tentacle)
 A - a ring of magical power (on tentacle)
 B - a ring of positive energy (on tentacle)
Wands
 b - a wand of flame (11/48)
 c - a wand of enslavement (9/24)
 d - a wand of random effects (40/48)
 g - a wand of paralysis (11/24)
 w - a wand of flame (22/48)
 C - a wand of enslavement (15/24)
Scrolls
 m - 2 scrolls of noise
 o - 2 scrolls of blinking
 r - a scroll of magic mapping
 v - 2 scrolls of identify
 y - a scroll of fog
 F - a scroll of remove curse
Potions
 k - a potion of berserk rage {unknown}
 l - 4 potions of curing
 u - 2 potions of cancellation {unknown}
 z - 2 potions of degeneration
Books
 s - a book of Debilitation

   Spells                             Type                      Level
   a - Corona                         Hexes                        1
   b - Slow                           Hexes                        2
   c - Gell's Gravitas                Hexes/Translocation          3
   d - Inner Flame                    Hexes/Fire                   3
   e - Cause Fear                     Hexes                        4
   f - Leda's Liquefaction            Hexes/Earth                  4
Miscellaneous
 j - a lantern of shadows
Comestibles
 f - 4 bread rations
 i - 5 meat rations
 n - 9 fruits
 G - 2 chunks of flesh


   Skills:
 - Level 1.0 Fighting
 - Level 1.0 Short Blades
 + Level 3.2 Slings
 + Level 5.8 Dodging
 - Level 9.1 Stealth
 - Level 3.2 Evocations


You had 7 spell levels left.
You didn't know any spells.

Dungeon Overview and Level Annotations

Branches:
Dungeon (6/15)
 Temple: D:4-7

Altars:
Trog
Xom
Zin
The Shining One

Annotations:
D:6 exclusion: phantom


Innate Abilities, Weirdness & Mutations

You cannot wear most types of armour.
You are amphibious.
You can wear up to eight rings at the same time.
You can use your tentacles to constrict eight enemies at once.
Your skin changes colour to match your surroundings (Stealth).
Your rubbery body absorbs attacks (AC +1).
One of your tentacles bears a spike.
You can translocate small distances at will.
Your body sometimes deteriorates upon taking damage.


Message History

The iron imp is severely wounded.
You constrict the iron imp, but do no damage.
The iron imp completely misses you.
You hit the iron imp but do no damage.
You pierce the iron imp, but do no damage.
The iron imp is severely wounded.
You constrict the iron imp, but do no damage.
The iron imp misses you.
You puncture the iron imp!
You kill the iron imp!
The white imp grins evilly.
The white imp gestures at you. The puff of frost hits you!
You feel a terrible chill!
* * * LOW HITPOINT WARNING * * *
You emit a cloud of colourful smoke!
The orc closely misses you. The white imp gestures at you.
The puff of frost hits you!
You feel a terrible chill!
You die...
Xom bursts into laughter!

...#
#.......>...#
#..#
#.#.....###)#
#..# #.....#
#..# #.....#
#..# #.....#
...# ###5###
...# #§# ####
#§## #o#@#
#§###§# ..#
#.. ### ###


You could see a white imp.

Vanquished Creatures
  Duvessa (D:4)
  A centaur (D:5)
  Dowan (D:4)
  4 orc priests
  3 orc wizards
  An iron imp (D:6)
  A giant frog skeleton (D:4)
  An iguana (D:5)
  2 worker ants (D:4)
  2 hound skeletons
  10 adders
  2 oozes
  An adder skeleton (D:5)
  4 worms
  2 dart slugs (D:2)
  2 giant geckos
  14 orcs
  9 giant cockroaches
  6 goblins
  8 hobgoblins
  A jackal (D:4)
  11 kobolds
  3 quokkas
  A ball python (D:3)
  8 bats
  A giant gecko zombie (D:5)
  4 giant newts
  6 rats
110 creatures vanquished.

Vanquished Creatures (collateral kills)
  Eustachio (D:6)
  A jelly (D:6)
  An orc wizard (D:6)
  3 orcs (D:6)
6 creatures vanquished.

Grand Total: 116 creatures vanquished

Notes
Turn   | Place    | Note
--------------------------------------------------------------
     0 | D:1      | M4edhros the Octopode Artificer began the quest for the Orb.
     0 | D:1      | Reached XP level 1. HP: 13/13 MP: 3/3
   150 | D:1      | Reached skill level 2 in Stealth
   183 | D:1      | Reached skill level 3 in Stealth
   183 | D:1      | Reached XP level 2. HP: 15/18 MP: 4/4
   659 | D:1      | Reached XP level 3. HP: 23/23 MP: 5/5
  1191 | D:2      | Found a bloodstained altar of Trog.
  1194 | D:2      | Reached skill level 4 in Stealth
  1303 | D:2      | Found a shimmering altar of Xom.
  1312 | D:2      | Became a worshipper of Xom of Many Doors
  1328 | D:2      | Reached XP level 4. HP: 17/28 MP: 6/6
  1590 | D:2      | XOM: harmless Pois miscast
  1990 | D:2      | XOM: cast spell 'Ice Form'
  2182 | D:2      | XOM: god gift: green potion
  2192 | D:2      | Reached skill level 5 in Stealth
  2273 | D:2      | XOM is BORED!
  2273 | D:2      | XOM: noise
  2344 | D:3      | Found a faded altar to an unknown god.
  2344 | D:3      | XOM: 2-stop teleportation journey
  2490 | D:2      | XOM: medium Tloc miscast
  2491 | D:2      | Noticed a spatial vortex
  2491 | D:2      | Noticed a spatial vortex
  2502 | D:2      | XOM: god gift: lantern of shadows
  3058 | D:2      | XOM: vitrification
  3206 | D:2      | XOM is BORED!
  3206 | D:2      | XOM: summons 5 hostile shadow creatures
  3325 | D:2      | XOM: vitrification
  3388 | D:3      | Reached XP level 5. HP: 33/33 MP: 7/7
  3549 | D:3      | Reached skill level 6 in Stealth
  3905 | D:4      | XOM: butterfly on damage
  3915 | D:4      | Reached XP level 6. HP: 13/38 MP: 8/8
  4138 | D:4      | Reached skill level 7 in Stealth
  4281 | D:4      | XOM: harmless Trmt miscast
  4532 | D:4      | XOM: enchant monster (bad)
  4561 | D:4      | Noticed Duvessa
  4561 | D:4      | Noticed Dowan
  4570 | D:4      | Killed Dowan
  4597 | D:4      | Killed Duvessa
  4597 | D:4      | Reached skill level 8 in Stealth
  4631 | D:4      | You fall through a shaft for 2 floors!
  4633 | D:6      | Reached XP level 7. HP: 43/43 MP: 9/9
  4931 | D:5      | Entered Level 5 of the Dungeon
  5141 | D:4      | XOM: silly message
  5238 | D:4      | Reached skill level 9 in Stealth
  5245 | D:4      | Found a glowing golden altar of the Shining One.
  5351 | D:4      | XOM: give mutation
  5351 | D:4      | Gained mutation: Your body sometimes deteriorates upon taking damage. [Xom's mischief]
  5645 | D:5      | XOM: enchant monster (bad)
  5659 | D:5      | XOM: polymorph jelly -> porcupine
  5747 | D:5      | XOM: god gift: 16 poisoned sling bullets
  5889 | D:5      | XOM: give mutations
  5889 | D:5      | Gained mutation: One of your tentacles bears a spike. [Xom's grace]
  5889 | D:5      | Gained mutation: You can translocate small distances at will. [Xom's grace]
  6100 | D:5      | Reached skill level 1 in Slings
  6100 | D:5      | Reached skill level 5 in Dodging
  6414 | D:6      | Noticed Eustachio
  6431 | D:6      | XOM: harmless Ice miscast
  6437 | D:6      | Killed Eustachio
  6438 | D:6      | Reached XP level 8. HP: 27/48 MP: 10/10
  6588 | D:6      | XOM: polymorph crimson imp -> iron imp
  6633 | D:6      | XOM: blink monster(s)
  6691 | D:6      | Found a glowing silver altar of Zin.
  6929 | D:6      | XOM: summons 4 hostile demons
  6951 | D:6      | XOM: smoke on damage
  6952 | D:6      | Killed from afar by a white imp

Vault maps used:
D:1:      minmay_arrival_jagged
D:2:      nicolae_overflow_crystal_walls, marbit_many_paths
D:3:      first_bread, ecumenical_altar_1
D:4:      nicolae_tso_swordbearing_angel, hangedman_decor_slide_cut,
          uniq_duvessa
D:5:      serial_bayou_pond_e
D:6:      zin_statuary, uniq_eustachio

Skill      XL: |  1  2  3  4  5  6  7  8 |
---------------+-------------------------+-----
Stealth        | 3 4 5 6 8 9 |  9.1
Dodging        | 3 4 5 |  5.8
Slings         | 2 3 |  3.2
Fighting       | |  1.0
Short Blades   | |  1.0
Evocations     | |  3.2

Action                   |  1- 3 |  4- 6 |  7- 9 || total
-------------------------+-------+-------+-------++-------
Melee: Short sword       |    71 |   121 |    41 ||   233
       Mace              |       |       |    33 ||    33
       Rapier            |       |       |    49 ||    49
Evoke: Wand              |       |    11 |     8 ||    19
  Use: Scroll            |     6 |     4 |     3 ||    13
       Potion            |       |     5 |     1 ||     6
 Stab: Sleeping          |    15 |     4 |     8 ||    27
  Eat: Chunk             |     1 |    11 |     7 ||    19
